 Dungeon Crawl Stone Soup version 0.31-a0-1009-g454b1f1e0a (webtiles) character file.

Game seed: 13123049792490029809

1605 BinkBink the Carver (level 8, -10/51 HPs)
             Began as a Tengu Monk on Nov 15, 2023.
             Killed from afar by Dowan (20 damage)
             ... with a shard of ice
             ... on level 5 of the Dungeon.
             The game lasted 00:09:33 (4359 turns).

BinkBink the Carver (Tengu Monk)                    Turns: 4359, Time: 00:09:33

Health: -10/51     AC:  7    Str: 11    XL:     8   Next: 94%
Magic:  9/9        EV: 20    Int: 10    God:
Gold:   243        SH:  0    Dex: 20    Spells: 7/7 levels left

rFire   . . .        a - +0 falchion
rCold   . . .        d - orb {light}
rNeg    . . .        b - +0 robe
rPois   +            (helmet restricted)
rElec   .            r - +0 cloak
rCorr   .            (no gloves)
SInv    .            (boots unavailable)
Will    .....        (no amulet)
Stlth   +            B - +4 ring of protection
HPRegen 0.28/turn    x - ring of poison resistance
MPRegen 0.11/turn

%: acrobat
@: flying, glowing
A: beak, talons 3, evasive flight, acrobatic
a: no special abilities


You were on level 5 of the Dungeon.
You visited 2 branches of the dungeon, and saw 6 of its levels.
You also visited: Ossuary.

You collected 243 gold pieces.

Inventory:

Hand Weapons
 a - a +0 falchion (weapon)
Missiles
 m - a boomerang (quivered)
Armour
 b - a +0 robe (worn)
 d - an orb of light (worn)
 r - a +0 cloak (worn)
Jewellery
 x - a ring of poison resistance (right hand)
 B - a +4 ring of protection (left hand)
Scrolls
 e - 2 scrolls of identify {unknown}
 g - 2 scrolls of revelation {unknown}
 h - 4 scrolls of teleportation {unknown}
 j - 2 scrolls of immolation {unknown}
 k - a scroll of enchant weapon {unknown}
 n - 2 scrolls of noise {unknown}
 p - 4 scrolls of fear {unknown}
 y - a scroll of fog {unknown}
 A - a scroll of blinking {unknown}
 C - a scroll of vulnerability {unknown}
Potions
 c - a potion of ambrosia
 f - 4 potions of curing {unknown}
 i - 2 potions of haste {unknown}
 l - 2 potions of brilliance {unknown}
 o - 2 potions of cancellation {unknown}
 q - 2 potions of enlightenment {unknown}
 s - 2 potions of invisibility {unknown}
 t - 2 potions of mutation {unknown}
 u - a potion of might {unknown}
 v - a potion of berserk rage {unknown}
 w - a potion of degeneration {unknown}
 z - a potion of heal wounds {unknown}


   Skills:
 + Level 6.2 Fighting
 * Level 9.1 Long Blades
 + Level 6.9 Dodging


You had 7 spell levels left.
You didn't know any spells.
Your spell library contained the following spells:

 Spells                   Type           Power      Damage    Failure   Level
 Sandblast                Erth           0%         2d4       36%         1
 Summon Small Mammal      Summ           0%         N/A       36%         1
 Passwall                 Tmut/Erth      0%         N/A       50%         2
 Call Canine Familiar     Summ           0%         N/A       75%         3
 Stone Arrow              Conj/Erth      0%         3d7       75%         3
 Summon Guardian Golem    Hex/Summ       0%         N/A       75%         3
 Brom's Barrelling Bould  Conj/Erth      0%         2d3       98%         4


Dungeon Overview and Level Annotations

Branches:
Dungeon (5/15)             Temple (1/1) D:5         Ossuary (visited)

Altars:
Ashenzari
Cheibriados
Dithmenos
Elyvilon
Fedhas
Gozag
Hepliaklqana
Kikubaaqudgha
Makhleb
Nemelex Xobeh
Qazlal
Ru
Sif Muna
Uskayaw
Vehumet
Wu Jian
Xom
Yredelemnul
Zin
The Shining One

Shops:
D:1 !:*![

Annotations:
D:5 Dowan


Innate Abilities, Weirdness & Mutations

You have a beak for a mouth.
You have claws for feet.
Your magical flight helps you evade attacks. (EV +4)
You can magically evade attacks while moving or waiting.


Message History

You hit the water moccasin but do no damage.
Your kick misses the water moccasin.
The water moccasin is moderately wounded.
The water moccasin closely misses you.
Dowan casts a spell.
Dowan blinks!
You closely miss the water moccasin. You claw the water moccasin.
The water moccasin is moderately wounded.
The water moccasin bites you. x2
You slash the water moccasin! You claw the water moccasin.
You peck the water moccasin.
The water moccasin is almost dead.
The water moccasin misses you.
You slash the water moccasin!
You kill the water moccasin!
Dowan mumbles some strange words.
Dowan blinks!
You slash the ogre! You peck the ogre.
The ogre is moderately wounded.
The ogre barely misses you.
You hit the ogre. You claw the ogre. You peck the ogre, but do no damage.
The ogre is severely wounded.
Dowan gestures wildly while chanting.
Dowan blinks!
You hit the ogre. You peck the ogre.
The ogre is almost dead.
The ogre hits you with a +0 giant club!
* * * LOW HITPOINT WARNING * * *
You hit the ogre.
You kill the ogre!
Your Long Blades skill increases to level 9!
Dowan hits you with a +3 dagger of electrocution.
* * * LOW HITPOINT WARNING * * *
Items here: )) [ †.
You hit Dowan but do no damage. You claw Dowan, but do no damage.
You peck Dowan, but do no damage.
Dowan is almost dead.
Dowan casts a spell at you. The shard of ice hits you!!
You die...

#.###..#. ..# .## ..
#.# #.. . # #... #.# .#
.. #.#### #.# #.##.#..
#.# #. #.# ##.#... #.#
#.##.# ....# ## .# #.#
....#######...# #..#...
..######......).@.###
#.#.#.
...........######e..#
... #
.#.#.#..#.........[.#
#e.
...........)......#...#
...##.#
.#.#.#.##.#############
#..... ....(..##.# ##
.#.#.#.##.# #
.......##.# ########
.#.#.#.##.# ........


You could see Dowan (fast).

Vanquished Creatures
  Grinder (D:5)
  Duvessa (D:5)
  A water moccasin (D:5)
  2 ogres (D:5)
  An ice beast (D:5)
  A phantom (D:4)
  A scorpion (D:4)
  5 water moccasin zombies (Ossuary)
  A jelly (D:4)
  A gnoll bouda (D:5)
  2 hounds
  2 orc priests (D:3)
  Jessica (D:2)
  An orc wizard (D:4)
  2 mummies (Ossuary)
  4 adders (D:4)
  9 gnolls
  3 adder zombies (Ossuary)
  A worm (D:3)
  2 dart slugs
  14 orcs
  3 ball pythons
  8 endoplasms
  3 giant cockroaches
  5 gnoll zombies (Ossuary)
  7 goblins
  7 hobgoblins
  4 jackals (D:2)
  6 kobolds
  5 quokkas
  3 bats
  4 frilled lizards
  5 hobgoblin zombies (Ossuary)
  5 kobold zombies (Ossuary)
  4 orc zombies (Ossuary)
  6 rats
131 creatures vanquished.

Notes
Turn   | Place    | Note
-------+----------+-------------------------------------------
     0 | D:1      | BinkBink the Tengu Monk began the quest for the Orb.
     0 | D:1      | Reached XP level 1. HP: 14/14 MP: 2/2
    23 | D:1      | Found Enoveg's Armour Shop.
    45 | D:1      | Found Zeiclagg's Distillery.
    85 | D:1      | Found Caiwoc's General Store.
   108 | D:1      | Found Wiochuz's Distillery.
   111 | D:1      | Reached XP level 2. HP: 19/19 MP: 3/3
   338 | D:1      | Found Hifyduso's Book Shop.
   703 | D:2      | Reached XP level 3. HP: 21/23 MP: 4/4
   833 | D:2      | Reached skill level 4 in Long Blades
   987 | D:2      | Noticed Jessica
  1004 | D:2      | Killed Jessica
  1005 | D:2      | Reached XP level 4. HP: 24/28 MP: 5/5
  1460 | D:3      | Reached XP level 5. HP: 33/33 MP: 6/6
  1587 | D:3      | You fall into a shaft and drop 2 floors!
  1587 | D:5      | Entered Level 5 of the Dungeon
  1640 | D:5      | Noticed an ice beast
  1650 | D:5      | Killed an ice beast
  1651 | D:5      | Reached skill level 5 in Long Blades
  1670 | D:5      | Found a sand-covered staircase.
  1675 | Ossuary  | Entered an ossuary
  1702 | Ossuary  | Reached XP level 6. HP: 19/38 MP: 7/7
  1823 | Ossuary  | Reached skill level 6 in Long Blades
  1823 | Ossuary  | Reached skill level 5 in Dodging
  1875 | Ossuary  | Gained mutation: Your magical flight helps you evade
                  | attacks. (EV +4) [Tengu growth]
  1875 | Ossuary  | Reached XP level 7. HP: 34/44 MP: 8/8
  2089 | D:5      | Found a staircase to the Ecumenical Temple.
  2129 | Temple   | Entered the Ecumenical Temple
  2222 | D:5      | Reached skill level 5 in Fighting
  2222 | D:5      | Reached skill level 7 in Long Blades
  3305 | D:4      | Reached XP level 8. HP: 49/49 MP: 9/9
  4004 | D:4      | Reached skill level 8 in Long Blades
  4137 | D:5      | Noticed Grinder
  4140 | D:5      | Paralysed by Grinder for 3 turns
  4151 | D:5      | Killed Grinder
  4183 | D:5      | Noticed Dowan
  4329 | D:5      | Noticed Duvessa
  4346 | D:5      | Killed Duvessa
  4358 | D:5      | Reached skill level 9 in Long Blades
  4359 | D:5      | Killed from afar by Dowan

Illustrated notes

Levels and vault maps discovered:
D:1:      minmay_arrival_five_plusses, layout_loops_ring, serial_shops, shop,
          shop, nicolae_square_shop, nicolae_shop_tiny_glass,
          nicolae_book_shop_shelving
D:2:      layout_basic, uniq_jessica
D:3:      layout_loops_corners, kennysheep_generic_room_14
D:4:      layout_gridville, dreamdust_wishing_well
D:5:      layout_loops_ring, minmay_temple_entry_gardened_gates, serial_glass,
          glass_columns_a, glass_columns_c,
          nicolae_ossuary_entry_false_entrances, nicolae_alphabet_shops,
          nicolae_concentric_dashed_squares_mild, feat_on_display, uniq_grinder,
          uniq_duvessa, uniq_crazy_yiuf_cottage
Temple:   nicolae_temple_slightly_damp_pantheon

Skill      XL: |  1  2  3  4  5  6  7  8 |
---------------+-------------------------+-----
Long Blades    | 4 5 6 7 9 |  9.1
Dodging        | 4 5 6 |  6.9
Fighting       | 4 5 6 |  6.2

Action                     |  1- 3 |  4- 6 |  7- 9 || total
---------------------------+-------+-------+-------++-------
  Melee: Falchion          |    50 |    94 |   179 ||   323
         Kick              |    14 |    45 |    80 ||   139
         Peck              |     7 |    17 |    47 ||    71
  Throw: Boomerang         |       |     4 |     4 ||     8
    Use: Potion            |       |     1 |     1 ||     2
   Stab: Sleeping          |       |     1 |       ||     1
 Armour: Robe              |    22 |    28 |    54 ||   104
  Dodge: Dodged            |    35 |    50 |   150 ||   235

Table legend: (Time is in decaauts)
 A = Elapsed time spent in this place.
 B = Non-inter-level travel time spent in this place.
 C = Inter-level travel time spent in this place.
 D = Time resting spent in this place.
 E = Time spent auto-exploring this place.
 F = Levels seen in this place.
 G = Mean time per level.
                   A        B        C        D        E       F      G
               +--------+--------+--------+--------+--------+-----+--------+
         Total |   4356 |   4249 |    107 |    280 |   2872 |   7 |  622.3 |
       Dungeon |   3987 |   3892 |     95 |    164 |   2862 |   5 |  797.4 |
        Temple |     43 |     31 |     12 |      0 |      0 |   1 |   43.0 |
       Ossuary |    324 |    324 |      0 |    116 |     10 |   1 |  324.0 |
               +--------+--------+--------+--------+--------+-----+--------+

Top non-repeatable levels by time:
     D:4: 1197 daAuts
     D:3: 1077 daAuts
     D:2: 618 daAuts
     D:1: 593 daAuts
     D:5: 501 daAuts
 Ossuary: 324 daAuts
  Temple: 43 daAuts
